 Dungeon Crawl Stone Soup version 0.22.1-1-ga44c0e5 (webtiles) character file.

153 Larett the Covert (level 5, -5/25 HPs)
             Began as a Spriggan Assassin on Nov 3, 2018.
             Slain by an ogre
             ... wielding a +0 giant spiked club
              (30 damage)
             ... on level 4 of the Dungeon.
             The game lasted 00:08:42 (3122 turns).

Larett the Covert (Spriggan Assassin)               Turns: 3122, Time: 00:08:43

Health: -5/25      AC:  3    Str:  7    XL:     5   Next: 12%
Magic:  6/6        EV: 18    Int: 12    God:
Gold:   224        SH:  5    Dex: 19    Spells: 4/4 levels left

rFire    . . .     SeeInvis +   a - +2 whip (venom)
rCold    . . .     Gourm    .   C - +0 buckler
rNeg     . . .     Faith    .   c - +0 robe
rPois    .         Spirit   .   (helmet restricted)
rElec    .         Reflect  .   d - +0 cloak
rCorr    .         Harm     .   (gloves unavailable)
MR       .....                  (boots unavailable)
Stlth    ++++......             (no amulet)
HPRegen  0.08/turn              i - +2 ring of evasion
MPRegen  0.10/turn              E - ring of attention (curse)

@: very quick
A: very small, unfitting armour, see invisible, herbivore, speed 3, slow
metabolism 2
a: no special abilities


You were on level 4 of the Dungeon.
You were not hungry.

You visited 2 branches of the dungeon, and saw 5 of its levels.

You collected 224 gold pieces.

Inventory:

Hand Weapons
 a - a +2 whip of venom (weapon)
 b - a +0 hunting sling
 q - a +0 blowgun
 r - a +2 dagger
Missiles
 e - 20 poisoned needles
 f - 2 curare-tipped needles
 l - 62 stones (quivered)
 t - 21 sling bullets
 y - 47 bolts
 D - 22 arrows
Armour
 c - a +0 robe (worn)
 d - a +0 cloak (worn)
 C - a +0 buckler (worn)
Jewellery
 i - a +2 ring of evasion (left hand)
 s - an uncursed ring of see invisible
 w - an uncursed ring of positive energy
 E - a cursed ring of attention (right hand)
Scrolls
 j - a scroll of magic mapping {unknown}
 u - a scroll of amnesia
 B - a scroll of enchant armour {unknown}
 R - 3 scrolls of identify
 T - a scroll of teleportation
Potions
 x - a potion of flight {unknown}
 A - a potion of lignification {unknown}
 Q - 2 potions of curing
Comestibles
 g - 7 rations


   Skills:
 - Level 1.5 Fighting
 - Level 2.1 Short Blades
 - Level 2.0 Throwing
 - Level 1.5 Dodging
 + Level 9.8 Stealth


You had 4 spell levels left.
You didn't know any spells.
Your spell library contained the following spells:

 Spells                   Type           Power        Failure   Level  Hunger
 Animate Skeleton         Necr           N/A          50%         1    ##.....
 Pain                     Necr           #...         50%         1    ##.....
 Regeneration             Chrm/Necr      #.........   86%         3    ####...
 Vampiric Draining        Necr           #.........   86%         3    ####...
 Animate Dead             Necr           N/A          99%         4    #####..


Dungeon Overview and Level Annotations

Branches:
Dungeon (4/15)             Temple (1/1) D:4

Altars:
Cheibriados
Elyvilon
Fedhas
Hepliaklqana
Makhleb
Nemelex Xobeh
Okawaru
Qazlal
Ru
Sif Muna
Trog
Uskayaw
Vehumet
Wu Jian
Xom
Yredelemnul
Zin
The Shining One

Annotations:
D:3 3 runed doors, antares's ghost, amateur DEFE


Innate Abilities, Weirdness & Mutations

You are very small and have problems with some larger weapons.
You are too small for most types of armour.
You have supernaturally acute eyesight. (SInv)
You are a herbivore.
You cover ground extremely quickly.
You need to consume almost no food.


Message History

T - a scroll of teleportation
As you read the scroll labeled DYNIW JUAQUS, it crumbles to dust.
It is a scroll of identify.
v - 2 potions of curing;
Q - 2 potions of curing;
R - 3 scrolls of identify
As you read the scroll labeled HULLEI XUEKYG, it crumbles to dust.
It is a scroll of amnesia.
You feel forgetful for a moment.
As you read the scroll labeled HAEKAUXTYI, it crumbles to dust.
You assume a fearsome visage.
Nothing appears to happen.
It was a scroll of fear.
Your surroundings suddenly seem different.
Found a silvery potion and 25 arrows.
An ogre comes into view. It is wielding a giant spiked club.
Found 14 gold pieces.
The helpless ogre fails to defend itself.
You hit the ogre.
The ogre is poisoned.
The ogre is lightly wounded.
The ogre hits you with a giant spiked club!!
Ouch! That really hurt!
You die...

# ####### .#
#......####..
(..........
.........# #
.!.......####.#
...............
..........###..
.......@..#####
........O.###..
...............
...............
.........######
.........#
.........#
...$....##


You could see an ogre.

Vanquished Creatures
  A jelly (D:4)
  A worker ant (D:4)
  2 adders
  An ooze (D:3)
  4 worms
  2 leopard geckos
  An orc (D:3)
  8 bats
  13 giant cockroaches
  A goblin (D:3)
  3 hobgoblins (D:2)
  13 kobolds
  A quokka (D:2)
  A ball python (D:1)
  2 frilled lizards (D:2)
  8 rats (D:1)
62 creatures vanquished.

Vanquished Creatures (others)
  4 toadstools (D:1)
4 creatures vanquished.

Grand Total: 66 creatures vanquished

Notes
Turn   | Place    | Note
-------+----------+-------------------------------------------
     0 | D:1      | Larett the Spriggan Assassin began the quest for the Orb.
     0 | D:1      | Reached XP level 1. HP: 10/10 MP: 2/2
    14 | D:1      | Reached skill level 6 in Stealth
   360 | D:1      | Reached XP level 2. HP: 14/14 MP: 3/3
   489 | D:1      | Reached skill level 7 in Stealth
   929 | D:2      | Reached XP level 3. HP: 18/18 MP: 4/4
  1550 | D:2      | Reached skill level 8 in Stealth
  2062 | D:3      | Noticed antares's ghost (amateur DEFE)
  2101 | D:3      | Reached XP level 4. HP: 20/22 MP: 5/5
  2370 | D:3      | Found a runed gate.
  2375 | D:3      | Found a runed gate.
  2375 | D:3      | Found a runed gate.
  2478 | D:3      | Reached skill level 9 in Stealth
  2719 | D:4      | Found a staircase to the Ecumenical Temple.
  2724 | Temple   | Entered the Ecumenical Temple
  2919 | D:4      | Reached XP level 5. HP: 12/25 MP: 6/6
  3119 | D:4      | Noticed an ogre
  3122 | D:4      | Slain by an ogre

Skill      XL: |  1  2  3  4 |
---------------+-------------+-----
Stealth        | 6 7 8 9 |  9.8
Fighting       | |  1.5
Short Blades   | |  2.1
Throwing       | |  2.0
Dodging        | |  1.5

Action                   |  1- 3 |  4- 6 || total
-------------------------+-------+-------++-------
Melee: Dagger            |    84 |       ||    84
       Whip              |    42 |    43 ||    85
 Fire: Hunting sling     |     8 |       ||     8
  Use: Potion            |     3 |       ||     3
       Scroll            |       |     4 ||     4
 Stab: Sleeping          |    11 |     6 ||    17
       Distracted        |     1 |       ||     1
Armor: Robe              |    14 |     8 ||    22
Dodge: Dodged            |    98 |    52 ||   150
